 Dungeon Crawl Stone Soup version 0.31-a0-1612-g4aaf141004 (webtiles) character file.

Game seed: 14180558315822356059

465 AlmostDecent the Digger (level 7, -13/37 HPs)
             Began as a Gargoyle Earth Elementalist on Jan 9, 2024.
             Mangled by Edmund
             ... wielding a +4 heavy flail
              (16 damage)
             ... on level 4 of the Dungeon.
             The game lasted 00:12:49 (2865 turns).

AlmostDecent the Digger (GrEE)                      Turns: 2865, Time: 00:12:49

Health: -13/37     AC: 14    Str: 11    XL:     7   Next: 8%
Magic:  8/13       EV: 10    Int: 18    God:
Gold:   197        SH:  0    Dex: 10    Spells: 4/14 levels left

rFire   . . .        a - +3 trident (freeze)
rCold   + . .        (no shield)
rNeg    + . .        o - +3 ring mail of the Jabberwock {rC+ Regen+ Slay-2}
rPois   ∞            (no helmet)
rElec   +            (no cloak)
rCorr   .            (no gloves)
SInv    .            f - +0 pair of boots
Will    .....        (no amulet)
Stlth   +            r - ring of wizardry
HPRegen 1.06/turn    (no ring)
MPRegen 0.13/turn

%: wizardry (x1)
@: no status effects
A: sickness immunity, AC +4, negative energy resistance 1, electricity
resistance, torment resistance 1, petrification resistance
a: no special abilities


You were on level 4 of the Dungeon.
You visited 1 branch of the dungeon, and saw 4 of its levels.

You collected 197 gold pieces.

Inventory:

Hand Weapons
 a - a +3 trident of freezing (weapon)
 h - a +0 falchion
Armour
 f - a +0 pair of boots (worn)
 o - the +3 ring mail of the Jabberwock (worn) {rC+ Regen+ Slay-2}
   (You found it on level 2 of the Dungeon)

   Slay-2:    It affects your accuracy & damage with ranged weapons and melee
   (-2).
   rC+:       It protects you from cold.
   Regen+:    It increases your rate of health regeneration.
Jewellery
 r - a ring of wizardry (left hand)
Wands
 e - a wand of iceblast (7)
 i - a wand of flame (18)
Potions
 b - a potion of magic
 c - 2 potions of ambrosia {unknown}
 d - a potion of resistance {unknown}
 j - a potion of curing {unknown}
 m - 2 potions of haste
 q - a potion of mutation {unknown}


   Skills:
 + Level 0.8 Fighting
 + Level 1.2 Long Blades
 + Level 1.0 Armour
 + Level 2.0 Dodging
 + Level 2.4 Stealth
 + Level 0.2 Unarmed Combat
 + Level 4.4 Spellcasting
 + Level 1.1 Conjurations
 + Level 6.7 Earth Magic


You had 4 spell levels left.
You knew the following spells:

 Your Spells              Type           Power      Damage    Failure   Level
a - Sandblast             Erth           56%        2d13      1%          1
b - Stone Arrow           Conj/Erth      36%        3d9       9%          3
c - Searing Ray           Conj           14%        2d5       13%         2
d - Fulminant Prism       Conj/Alch      2%         3d5       69%         4

Your spell library contained the following spells:

 Spells                   Type           Power      Damage    Failure   Level
 Passwall                 Erth           28%        N/A       2%          3
 Magic Dart               Conj           28%        1d4       9%          1
 Brom's Barrelling Bould  Conj/Erth      18%        2d4       26%         4
 Petrify                  Alch/Erth      16%        N/A       32%         4
 Summon Forest            Summ/Tloc      1%         N/A       97%         5
 Summon Mana Viper        Hex/Summ       3%         N/A       97%         5
 Summon Cactus Giant      Summ           1%         N/A       100%        6


Dungeon Overview and Level Annotations

Branches:
Dungeon (4/15)
 Temple: D:4-7

Altars:
Wu Jian

Annotations:
D:4 Edmund


Innate Abilities, Weirdness & Mutations

You are immune to sickness and miasma.
Your stone body is resilient. (AC +4)
You are immune to poison.
You resist negative energy. (rN+)
You are resistant to electric shocks. (rElec)
You are resistant to unholy torment.
You are immune to petrification.


Message History

The blast of sand hits the kobold!
You kill the kobold!
Edmund shouts!
The quokka closely misses you.
The blast of sand hits the quokka.
The quokka is severely wounded.
The quokka bites you but does no damage.
The quokka barely misses you.
Edmund says, "You wouldn't believe how much I paid for this flail."
The quokka attacks as it pursues you!
The quokka bites you but does no damage.
You puncture the quokka! You freeze the quokka.
You kill the quokka!
The goblin unwields a +0 dagger.
The goblin wields a +0 sling.
The goblin shoots a sling bullet.
The sling bullet hits you but does no damage.
You reach to attack!
You hit the goblin. You freeze the goblin.
You kill the goblin!
You reach to attack!
You barely miss Edmund. You hit Edmund but do no damage.
Edmund hits you with a +4 heavy flail!!
The blast of sand hits Edmund but does no damage.
Edmund hits you but does no damage.
The blast of sand hits Edmund but does no damage.
Edmund hits you with a +4 heavy flail!
* * * LOW HITPOINT WARNING * * *
You are too injured to fight recklessly!
Casting: Sandblast (safe; 1% risk of failure)
Confirm with . or Enter, or press ? or * to list all spells.
Aiming: Stone Arrow (dangerous; 9% risk of failure)
Press: ? - help, Shift-Dir - straight line, f/p - Edmund
Aim: Edmund, wielding a +4 heavy flail and wearing a +0 ring mail (72% to hit)
The stone arrow hits Edmund!
Edmund is moderately wounded.
Edmund says, "You wouldn't believe how much I paid for this flail."
Edmund hits you with a +4 heavy flail!
* * * LOW HITPOINT WARNING * * *
You aren't carrying any scrolls.
Edmund attacks as he pursues you! Edmund hits you with a +4 heavy flail!
You die...
Edmund says, "That'll show my brother!"

'#.# #...#............#
.#.###...####.....#####
.#...'............#
.#####............# .#
#..........### # .#
#..........# ###.### .#
#..........# ....... .#
####.......####†......
#.......@@.))......
#.......####.......
#.......# .......
#.......# .......
######### ..?....
###+###


You could see Edmund.

Vanquished Creatures
  Grinder (D:3)
  A bombardier beetle (D:3)
  2 orc priests (D:3)
  Terence (D:3)
  An orc wizard (D:3)
  4 adders
  2 dart slugs
  11 orcs
  7 bats
  9 endoplasms
  3 giant cockroaches
  6 goblins
  4 hobgoblins
  4 jackals (D:2)
  4 kobolds
  2 quokkas
  6 ball pythons
  5 frilled lizards
  3 rats (D:1)
76 creatures vanquished.

Notes
Turn   | Place    | Note
-------+----------+-------------------------------------------
     0 | D:1      | AlmostDecent the Gargoyle Earth Elementalist began the
                  | quest for the Orb.
     0 | D:1      | Reached XP level 1. HP: 10/10 MP: 3/3
   114 | D:1      | Reached XP level 2. HP: 15/15 MP: 0/5
   229 | D:1      | Reached skill level 4 in Earth Magic
   390 | D:1      | Found a faded altar of an unknown god.
   392 | D:1      | Noticed an eye of devastation
   392 | D:1      | Noticed a shining eye
   393 | D:1      | Noticed a great orb of eyes
   393 | D:1      | Noticed an eye of devastation
   722 | D:1      | Reached XP level 3. HP: 19/19 MP: 4/6
  1236 | D:2      | Identified the +3 ring mail of the Jabberwock {rC+ Regen+
                  | Slay-2}
  1420 | D:3      | Learned a level 3 spell: Stone Arrow
  1470 | D:3      | Reached XP level 4. HP: 22/24 MP: 1/8
  1549 | D:3      | Noticed Grinder
  1558 | D:3      | Killed Grinder
  1559 | D:3      | Reached skill level 1 in Long Blades
  1559 | D:3      | Reached skill level 5 in Earth Magic
  1559 | D:3      | Reached XP level 5. HP: 28/28 MP: 3/10
  1559 | D:3      | Reached XP level 6. HP: 33/33 MP: 3/11
  1625 | D:3      | Found an ornate altar of the Wu Jian Council.
  1947 | D:3      | Learned a level 2 spell: Searing Ray
  1952 | D:3      | Learned a level 4 spell: Fulminant Prism
  2046 | D:3      | Noticed Terence
  2057 | D:3      | Killed Terence
  2058 | D:3      | Reached skill level 6 in Earth Magic
  2338 | D:3      | Reached XP level 7. HP: 8/37 MP: 5/13
  2750 | D:4      | Reached skill level 1 in Armour
  2853 | D:4      | Noticed Edmund
  2865 | D:4      | Mangled by Edmund

Illustrated notes

Levels and vault maps discovered:
D:1:      tarquinn_simple_flora_water_a, layout_basic,
          hellmonk_ecumenical_altar_watching_god
D:2:      layout_rooms
D:3:      layout_basic, nicolae_wu_jian_glorious_leap, uniq_grinder,
          uniq_terence
D:4:      layout_basic, minmay_temple_entry_glassed_door, uniq_ijyb,
          uniq_edmund, uniq_menkaure

Skill      XL: |  1  2  3  4  5  6  7 |
---------------+----------------------+-----
Earth Magic    | 4 5 6 |  6.7
Long Blades    | 1 |  1.2
Spellcasting   | 3 4 |  4.4
Dodging        | 2 |  2.0
Armour         | 1 |  1.0
Fighting       | |  0.8
Stealth        | |  2.4
Unarmed Combat | |  0.2
Conjurations   | |  1.1

Action                     |  1- 3 |  4- 6 |  7- 9 || total
---------------------------+-------+-------+-------++-------
  Melee: Unarmed           |     2 |       |       ||     2
         Falchion          |     9 |       |       ||     9
         Trident           |       |       |     7 ||     7
   Cast: Sandblast         |    55 |    48 |    10 ||   113
         Stone Arrow       |       |       |     1 ||     1
    Use: Scroll            |       |       |     5 ||     5
 Armour: Robe              |    30 |       |       ||    30
         Ring mail         |     4 |    19 |     9 ||    32
  Dodge: Dodged            |    37 |    21 |     3 ||    61

Table legend: (Time is in decaauts)
 A = Elapsed time spent in this place.
 B = Non-inter-level travel time spent in this place.
 C = Inter-level travel time spent in this place.
 D = Time resting spent in this place.
 E = Time spent auto-exploring this place.
 F = Levels seen in this place.
 G = Mean time per level.
                   A        B        C        D        E       F      G
               +--------+--------+--------+--------+--------+-----+--------+
         Total |   2923 |   2794 |    129 |    128 |   2202 |   4 |  730.8 |
       Dungeon |   2923 |   2794 |    129 |    128 |   2202 |   4 |  730.8 |
               +--------+--------+--------+--------+--------+-----+--------+

Top non-repeatable levels by time:
     D:3: 1338 daAuts
     D:1: 984 daAuts
     D:2: 456 daAuts
     D:4: 143 daAuts
